[Event "Polish University-ch Teams 2024"]
[Site "Lublin"]
[Date "2024.02.25"]
[Round "7.1"]
[White "Janik, Igor"]
[Black "Dzida, Kamil"]
[Result "1-0"]
[ECO "A00"]
[WhiteElo "2499"]
[BlackElo "2403"]
[Annotator "TA"]
[PlyCount "121"]
[EventDate "2024.02.22"]
[EventType "team-tourn"]
[EventCountry "POL"]
[SourceTitle "playchess.com"]
[Source "ChessBase"]
[SourceQuality "1"]
[TimeControl "900+5"]

1. a3 g6 2. d4 Bg7 3. Nf3 Nf6 4. c3 O-O 5. Bg5 d6 6. e3 {[%emt 0:00:02] A00: Irregular Openings.} Nc6 $146 ({Predecessor:} 6... Nbd7 7. Be2 c6 8. O-O Re8 9. Nbd2 Qc7 10. Rc1 e5 11. dxe5 dxe5 12. Qa4 h6 13. Bxf6 Nxf6 {0-1 Ivanov,O-Khrinovskyi,O (2106) Shepetivka op 2011 (1)}) 7. Be2 e5 8. O-O h6 9. Bh4 Qe8 10. Nbd2 Nd7 11. dxe5 dxe5 12. e4 Nc5 13. b4 Ne6 14. Bc4 Kh7 15. Re1 g5 16. Bg3 f6 17. Nf1 Nf4 18. Ne3 Bd7 19. Qb3 Ne7 20. a4 Rd8 21. a5 a6 22. Rad1 Qh5 (22... Bc8 $14) 23. Bxf4 (23. Rd2 $16) 23... exf4 24. Nd5 Nxd5 25. exd5 Bg4 26. Qc2+ f5 27. Be2 (27. Rd3 $1 $14) 27... Qg6 (27... Bxf3 $1 $11 28. Bxf3 g4) 28. h3 ({White should play} 28. c4 $14) 28... Bh5 (28... Bxf3 $1 $11 {keeps the balance.} 29. Bxf3 h5) 29. c4 Kh8 ({Better is} 29... Bxf3 30. Bxf3 h5) 30. Nd4 $16 Bxd4 31. Rxd4 Rfe8 (31... Qf6 $16 32. Red1 Bxe2 33. Qxe2 Rfe8) 32. Rdd1 $18 Bxe2 33. Rxe2 Rxe2 34. Qxe2 Re8 35. Qd3 Qf6 (35... Kh7 {keeps fighting.} 36. b5 axb5 37. cxb5 Qf7) 36. c5 $18 Kg7 $2 (36... g4 {was worth a try.} 37. d6 cxd6 38. cxd6 Rd8) 37. d6 $18 cxd6 38. cxd6 Rd8 39. d7 Qe6 $2 (39... g4 40. b5 h5) 40. Qc3+ $18 Kf7 {[%emt 0:00:18] [#]} 41. Qc7 $1 Ke7 42. Qxb7 Rxd7 43. Rxd7+ Qxd7 44. Qxa6 Qd2 45. Qb7+ Kf6 46. Qb6+ Kg7 47. a6 g4 48. hxg4 fxg4 49. Kh2 f3 50. Qc7+ (50. a7 $142 g3+ 51. Kxg3 Qg5+ 52. Kxf3 Qd5+ 53. Ke3 Qb3+ 54. Kf4 Qc4+ 55. Ke5 Qe2+ 56. Kd6) 50... Kg6 $18 51. Qg3 (51. Qc5 $142 g3+ 52. Kxg3 fxg2 53. Kxg2) 51... Kf5 52. gxf3 h5 53. a7 Qd5 54. fxg4+ hxg4 55. b5 Qb7 56. b6 Qd5 57. Qe3 Qd6+ 58. Kg1 Qd1+ 59. Kg2 Qd5+ 60. f3 Qc6 61. Qe4+ 1-0

[Event "Polish University-ch Teams 2024"]
[Site "Lublin"]
[Date "2024.02.25"]
[Round "7.2"]
[White "Klepek, Witold"]
[Black "Kowalski, Igor"]
[Result "0-1"]
[ECO "B06"]
[WhiteElo "2262"]
[BlackElo "2372"]
[Annotator "RC"]
[PlyCount "78"]
[EventDate "2024.02.22"]
[EventType "team-tourn"]
[EventCountry "POL"]
[SourceTitle "playchess.com"]
[Source "ChessBase"]
[SourceQuality "1"]
[TimeControl "900+5"]

1. e4 g6 2. d4 Bg7 3. Nc3 d6 4. Be3 a6 5. Qd2 b5 6. a3 Bb7 7. f3 Nd7 8. h4 h6 9. Nge2 Rc8 10. d5 c5 11. dxc6 Bxc6 12. Nd4 Bb7 13. O-O-O Nb6 14. g4 Nf6 15. h5 e5 16. hxg6 exd4 17. gxf7+ Kxf7 18. Bxd4 Nc4 19. Qf4 Qe7 20. Kb1 Ne5 21. Bh3 Rc4 22. b3 Ng6 23. Qe3 Rxd4 24. Rxd4 Qe5 25. Ne2 Nd5 26. f4 Nxe3 27. fxe5 Bxe5 28. Rd2 Bxe4 29. Re1 Rc8 30. Nd4 Rc3 31. Kb2 Rxc2+ 32. Rxc2 Nxc2 33. Rxe4 Nxd4 34. Ka2 Kf6 35. Bf1 Nf4 36. a4 bxa4 37. b4 Nb5 38. Rc4 Nd5 39. Kb1 Na3+ 0-1

[Event "Polish University-ch Teams 2024"]
[Site "Lublin"]
[Date "2024.02.25"]
[Round "7.3"]
[White "Molenda, Marcin"]
[Black "Golenia, Jan"]
[Result "1-0"]
[ECO "E15"]
[WhiteElo "2377"]
[BlackElo "2221"]
[Annotator "TA"]
[PlyCount "115"]
[EventDate "2024.02.22"]
[EventType "team-tourn"]
[EventCountry "POL"]
[SourceTitle "playchess.com"]
[Source "ChessBase"]
[SourceQuality "1"]
[TimeControl "900+5"]

1. d4 Nf6 2. c4 e6 3. Nf3 b6 4. g3 Ba6 5. b3 d5 6. Bg2 Bb4+ 7. Bd2 Be7 8. Qc2 O-O 9. O-O c5 {[%emt 0:00:48] 9...c5 punktet besser als 9...c6. E15: Damenindisch (Hauptfortsetzung, Abweichungen).} 10. dxc5 bxc5 11. Ne5 Bb7 12. Nc3 Nbd7 13. Nd3 $146 ({Predecessor:} 13. Nxd7 Qxd7 14. cxd5 exd5 15. Rfd1 Rfd8 16. Rac1 h6 17. Qd3 Qe6 18. Qb5 Ba6 19. Qa5 {0-1 Spalir,J (2346)-Bartos,J (2240) Pardubice Czech op-A 26th 2015 (7)}) 13... Qc7 14. cxd5 exd5 15. Bf4 Qa5 16. Ne5 Rfd8 17. Rad1 Nf8 18. Bg5 Rab8 (18... Qc7 $14 19. Bxf6 gxf6 (19... Bxf6 20. Nxd5 Bxd5 21. Rxd5 $16)) 19. Ng4 $1 $16 N8d7 20. Nxf6+ (20. Nxd5 $6 Nxd5 21. Bxe7 (21. Rxd5 Bxd5 22. Bxe7 Re8 $11) 21... Nxe7 $11) ({Besser ist} 20. Bxf6 $16 Nxf6 21. Nxf6+ Bxf6 22. Nxd5) 20... Bxf6 $11 21. Bd2 Qa6 (21... d4 $1 $11 22. Nd5 Qa6) 22. Bf4 (22. Nxd5 Bxd5 23. Bxd5 Nb6 $18) 22... Be5 23. Bxe5 (23. Bxd5 Bxf4 24. gxf4 Nf6 25. Bxb7 Qxb7 $16) 23... Nxe5 24. Nxd5 c4 25. bxc4 Qxc4 26. Ne7+ Kf8 {[%emt 0:00:01] [#]} 27. Rxd8+ $1 (27. Qxh7 Kxe7 28. Rxd8 Kxd8) 27... Rxd8 28. Qxc4 (28. Qxh7 $18 {Nf5 ist eine echte Drohung.} Kxe7 (28... Bxg2 $2 29. Nf5 $18) 29. Bxb7) 28... Nxc4 $16 29. Bxb7 Kxe7 30. Rc1 Nd6 31. Bd5 Rd7 32. e4 Kf6 33. f4 Ke7 34. Kf2 f5 (34... h5 $16 35. Rc5 Nb7) 35. e5 $18 Ne8 36. Rd1 Rc7 37. Bb3 Rc3 38. Ke2 Nc7 39. Rd6 Nb5 40. Ra6 Rc7 41. Kd3 Rc3+ 42. Kd2 Rc7 43. Bc2 (43. Re6+ Kf8 44. Bd1 Rd7+ 45. Ke1 Rc7 $18) 43... Nd4 44. Bd3 g6 45. h3 Ne6 46. Ke3 Nc5 47. Ra5 Ne6 (47... a6 $142 48. Ra3 (48. Bxa6 Nxa6 49. Rxa6 Rc3+ 50. Kf2 Rc2+ 51. Ke1 Rc3 $16) 48... Nxd3) 48. g4 $18 fxg4 49. hxg4 Rd7 $2 (49... Nc5 50. Be2 h6) 50. f5 $18 Nc7 51. f6+ ({Schwächer ist} 51. Rxa7 Nd5+ 52. Kd4 Rxa7 $11) 51... Kf8 52. Bc4 (52. Rxa7 Nd5+ 53. Kd4 Rxa7 $18) 52... Ne8 53. g5 Rc7 54. Kd4 Rd7+ 55. Rd5 Rb7 56. e6 Rb1 57. e7+ Kf7 58. Rd8# 1-0

[Event "Polish University-ch Teams 2024"]
[Site "Lublin"]
[Date "2024.02.25"]
[Round "7.4"]
[White "Golenia, Wojciech"]
[Black "Jarzebowski, Kacper"]
[Result "1-0"]
[ECO "A25"]
[WhiteElo "2212"]
[BlackElo "2135"]
[Annotator "ChessBase"]
[PlyCount "105"]
[EventDate "2024.02.22"]
[EventType "team-tourn"]
[EventCountry "POL"]
[SourceTitle "playchess.com"]
[Source "ChessBase"]
[SourceQuality "1"]
[TimeControl "900+5"]

1. c4 e5 2. Nc3 Nc6 3. g3 Nf6 4. Bg2 g6 5. e3 Bg7 6. Nge2 O-O 7. d3 d6 8. O-O Re8 9. Rb1 a5 10. a3 Bf5 11. e4 Bc8 12. f4 Nd4 13. h3 c6 14. Nxd4 exd4 15. Ne2 Nd7 16. g4 a4 17. b4 axb3 18. Qxb3 Nc5 19. Qc2 Qh4 20. Bd2 Rxa3 21. Be1 Qd8 22. Bb4 Ra8 23. e5 Bf8 24. Bxc5 dxc5 25. Ng3 f6 26. Ne4 fxe5 27. f5 Bh6 28. f6 Be3+ 29. Kh1 Rf8 30. Qe2 Bf4 31. g5 Rf7 32. h4 Qd7 33. Nxc5 Qg4 34. Qxg4 Bxg4 35. Bf3 Bf5 36. Be4 Bh3 37. Rxf4 exf4 38. Kh2 Bc8 39. Rb2 Rc7 40. Kg2 Kf7 41. Kf3 Ra5 42. Nb3 Ra4 43. Nxd4 Ra3 44. Kxf4 Bf5 45. Nxf5 gxf5 46. Bxf5 Ra1 47. Bxh7 Rf1+ 48. Ke5 Rd7 49. g6+ Kf8 50. g7+ Rxg7 51. fxg7+ Kxg7 52. Rxb7+ Kh6 53. Be4 1-0

[Event "Polish University-ch Teams 2024"]
[Site "Lublin"]
[Date "2024.02.25"]
[Round "7.5"]
[White "Antolak, Julia"]
[Black "Musial, Tomasz"]
[Result "1/2-1/2"]
[ECO "A40"]
[WhiteElo "2309"]
[BlackElo "2171"]
[Annotator "TA"]
[PlyCount "100"]
[EventDate "2024.02.22"]
[EventType "team-tourn"]
[EventCountry "POL"]
[SourceTitle "playchess.com"]
[Source "ChessBase"]
[SourceQuality "1"]
[TimeControl "900+5"]

1. d4 e6 2. c4 b6 3. Nc3 Bb7 4. e4 Bb4 5. Bd3 f5 6. Qh5+ g6 7. Qe2 Nf6 8. Bg5 {[%emt 0:01:24] And now e5 would win.} (8. exf5 Bxg2 (8... Bxc3+ $2 9. bxc3 Bxg2 10. Nf3 $19) 9. fxg6 Qe7 $15 (9... Bxh1 $2 10. Bg5 $19)) 8... fxe4 9. Bxf6 $2 (9. Bxe4 $11 {and White has nothing to worry.} Bxe4 10. Bxf6 Qxf6 11. Qxe4) 9... Qxf6 (9... exd3 $19 10. Qe5 Nc6) 10. Bxe4 $15 Bxe4 (10... Nc6 $1 $15 11. Nf3 Nxd4 12. Nxd4 Qxd4) 11. Qxe4 $11 Nc6 12. Nf3 Bxc3+ 13. bxc3 O-O 14. O-O Qf4 15. Rae1 Qxe4 16. Rxe4 Rf5 17. Rfe1 Raf8 18. R1e2 Ra5 19. h4 Rff5 20. Rd2 Kf8 (20... Ra4 $15 21. Ne5 Nxe5 22. dxe5 Rf7) 21. Kh2 (21. Ng5 $1 $11) 21... Ra4 $17 22. Ne5 Nxe5 (22... d5 $17 23. cxd5 Nxe5 (23... exd5 24. Nd7+ Kg7 25. Re3 $11) 24. Rxe5 Rxe5 (24... exd5 25. Rxf5+ gxf5 26. Re2 $11) 25. dxe5 exd5) 23. dxe5 {[%emt 0:00:01][%mdl 4096] Endgame. KRR-KRR} Ke8 24. Red4 Rf7 ({Of course not} 24... Rxe5 25. Rxd7 $11) 25. g3 ({White should try} 25. c5 $15 Rxd4 26. cxd4) 25... Ra3 $36 {[%emt 0:00:18][%mdl 2048] Black has strong initiative.} 26. R4d3 Ra4 27. Rd4 {[%emt 0:00:01][%cal Oc4c5] [#]} c5 $1 28. R4d3 Rxc4 29. f4 h5 30. Kg2 Kd8 31. Kf2 {[%emt 0:00:40] [#]} (31. Rc2 $17) 31... Kc7 (31... d5 $1 $19 {is more deadly. Hoping for ...Kc7.} 32. exd6 e5) 32. Ke2 (32. Ke1 $142) 32... Ra4 (32... d6 $142 33. Rxd6 Rxc3) 33. Kd1 Ra3 34. Kc1 c4 35. Re3 b5 36. Kb2 Ra6 37. Re4 Rc6 ({Better is} 37... Rf8 $17) 38. Red4 (38. a4 $5) 38... a5 39. a4 b4 40. Re2 Rf8 41. Ree4 bxc3+ 42. Kxc3 Rc8 43. Rxc4 Kb6 44. Rxc6+ Rxc6+ $11 {[%emt 0:00:01] KR-KR} 45. Kb3 (45. Rc4 $11) 45... Rc1 (45... Kc5 $17 {Strongly threatening ...Kd5.} 46. Re1 Rb6+ 47. Kc3 Rb4) 46. Rd4 {[%emt 0:00:06] The position is equal.} Kc7 47. Rc4+ Rxc4 48. Kxc4 {[%emt 0:00:01] White wants to mate with Kb5.} Kc6 49. Kd4 Kb6 50. Kc4 Kc6 {[%emt 0:00:21] Weighted Error Value: White=0.30/Black=0.24 (precise) .  Loses game:     	White=1     	---        Mistake:       	White=5     	Black=8      Inaccurate:     	White=4     	Black=2      OK:         	White=14    	Black=18     Best:        	White=4     	Black=2} 1/2-1/2

[Event "Polish University-ch Teams 2024"]
[Site "Lublin"]
[Date "2024.02.25"]
[Round "7.6"]
[White "Furtak, Joanna"]
[Black "Kubicka, Anna"]
[Result "0-1"]
[ECO "C13"]
[WhiteElo "1883"]
[BlackElo "2278"]
[Annotator "RC"]
[PlyCount "111"]
[EventDate "2024.02.22"]
[EventType "team-tourn"]
[EventCountry "POL"]
[SourceTitle "playchess.com"]
[Source "ChessBase"]
[SourceQuality "1"]
[TimeControl "900+5"]

1. d4 Nf6 2. Nc3 d5 3. Bg5 e6 4. e4 dxe4 5. Nxe4 Be7 6. Bxf6 Bxf6 7. Nf3 O-O 8. Be2 Be7 9. O-O Nd7 10. Qd2 Nf6 11. Nxf6+ Bxf6 12. Rfd1 b6 13. Ne5 Bb7 14. Bf3 Bxf3 15. Nxf3 Qd5 16. b3 Rfd8 17. Rac1 Qe4 18. Qe3 Qxe3 19. fxe3 Rd7 20. Rd3 Rad8 21. Rcd1 Kf8 22. Kf2 h5 23. h4 c5 24. dxc5 Rxd3 25. Rxd3 Rc8 26. cxb6 Rxc2+ 27. Rd2 Rxd2+ 28. Nxd2 axb6 29. g3 Ke7 30. Kf3 Bc3 31. Nc4 b5 32. Na3 b4 33. Nb1 Be1 34. a3 bxa3 35. Nxa3 Kd6 36. Nc2 Bc3 37. e4 Ke5 38. Ke3 Ba5 39. Kd3 Bc7 40. Ke3 g6 41. Kf3 f5 42. exf5 gxf5 43. Ke3 Bb6+ 44. Kf3 Kd5 45. Ne3+ Bxe3 46. Kxe3 e5 47. Kd3 Kc5 48. Kc3 e4 49. b4+ Kd5 50. Kb3 Kd4 51. Ka4 e3 52. b5 e2 53. b6 e1=Q 54. Kb5 Kd5 55. b7 Qb1+ 56. Ka6 0-1

[Event "Polish University-ch Teams 2024"]
[Site "Lublin"]
[Date "2024.02.25"]
[Round "7.7"]
[White "Mis, Mieszko"]
[Black "Baum, Jonasz"]
[Result "0-1"]
[ECO "B23"]
[WhiteElo "2325"]
[BlackElo "2400"]
[Annotator "TA"]
[PlyCount "100"]
[EventDate "2024.02.22"]
[EventType "team-tourn"]
[EventCountry "POL"]
[SourceTitle "playchess.com"]
[Source "ChessBase"]
[SourceQuality "1"]
[TimeControl "900+5"]

1. e4 c5 2. Nc3 d6 3. f4 g6 4. Nf3 Bg7 5. Bc4 Nc6 6. O-O e6 7. d3 Nge7 8. a3 O-O 9. Qe1 Nd4 {[%emt 0:00:06] B23: Closed Sicilian: Lines without g3.} 10. Qf2 (10. Nxd4 $11 cxd4 11. Nd1) 10... Nec6 (10... d5 $17 11. Ba2 b6) 11. Kh1 Nxf3 $146 ({Predecessor:} 11... a6 12. Ne1 b5 13. Ba2 Bb7 14. f5 exf5 15. exf5 Nxf5 16. Nd5 Bd4 17. Qe2 Qh4 18. Rf3 Rae8 19. Be3 Bxe3 20. Nxe3 Ncd4 21. Nxf5 Nxf5 22. Rh3 Rxe2 23. Rxh4 Nxh4 {0-1 Hoffmann,D (1656)-Sorgen,H (1827) Leverkusen-ch op 2005 (3)}) 12. Qxf3 Nd4 13. Qf2 Rb8 14. Be3 b5 15. Ba2 a5 16. Nd1 b4 17. axb4 axb4 18. c3 Nc6 19. e5 (19. Bd2 $15) 19... Qa5 (19... dxe5 20. Bxc5 Re8 21. Bc4 $11) (19... Ra8 $1 $19 20. Qf3 Bb7 21. cxb4 cxb4) 20. exd6 (20. cxb4 $17 cxb4 (20... Nxb4 21. Nc3 $17) 21. Rc1) 20... b3 $19 (20... bxc3 21. Nxc3 $11 (21. Bxc5 $2 cxb2 22. Rb1 Qxa2 $19) (21. bxc3 Ba6 $11) (21. Bxc5 $2 cxb2 22. Rb1 Qxa2 $19) (21. bxc3 Ba6 $11)) 21. Bxc5 Bd7 22. d4 bxa2 ({Much less strong is} 22... Qa8 23. Ne3 bxa2 24. b4 $15) (22... Qa6 $17 {[%cal Ob8a8] aiming for ...Ra8!} 23. h3 Rb5 (23... bxa2 24. b4 $17) 24. Bxb3 (24. c4 $2 Rxc5 25. dxc5 bxa2 $19) 24... Qxa1) 23. b4 $15 Qb5 24. Rxa2 Ra8 $1 25. Rxa8 ({White should try} 25. Re1 $15) 25... Rxa8 $17 26. Ne3 {[%emt 0:00:16] [#]} Qd3 $1 27. Rc1 Nd8 28. h3 (28. Ng4 $17 {is a better defense.}) 28... Bc6 29. Kh2 Qe4 30. Re1 Qd3 ({Better is} 30... h5 $17 {And now ...Bh6 would win.} 31. Ng4 Qd3) 31. Qc2 (31. Rc1 $1 $11) 31... Qxc2 $17 32. Nxc2 Ra2 33. Ne3 Bh6 34. Kg3 g5 (34... f5 $17 35. h4 Kf7) 35. fxg5 (35. f5 $11 {remains equal.}) 35... Bxg5 $17 36. d5 (36. h4 $17 Bxe3 37. Rxe3) 36... exd5 $19 (36... Bxd5 $2 {loses.} 37. Nxd5 exd5 38. Re8+ Kg7 39. Bd4+ Kg6 40. h4 $18) 37. Nf5 {[%emt 0:00:01] [#]} Ne6 $1 38. Be3 (38. Ne7+ {was called for.} Bxe7 39. dxe7) 38... Bd8 $19 39. Bd4 Ra3 40. Kh2 Kf8 41. Be5 Ke8 42. Rf1 Ra2 43. Bd4 Bb5 44. Re1 (44. Rf3 $142) 44... Kd7 45. Re3 Bf1 46. Kg1 (46. Rg3 $142) 46... Bxg2 $19 ({And not} 46... Rxg2+ 47. Kxf1 Ra2 48. Rd3 $14) 47. Rg3 Be4 48. Nh6 Bh4 49. Rg4 Ra1+ 50. Kh2 Rh1# 0-1

[Event "Polish University-ch Teams 2024"]
[Site "Lublin"]
[Date "2024.02.25"]
[Round "7.8"]
[White "Szustakowski, Antoni"]
[Black "Jarocka, Liwia"]
[Result "1-0"]
[ECO "E54"]
[WhiteElo "2354"]
[BlackElo "2199"]
[Annotator "TA"]
[PlyCount "117"]
[EventDate "2024.02.22"]
[EventType "team-tourn"]
[EventCountry "POL"]
[SourceTitle "playchess.com"]
[Source "ChessBase"]
[SourceQuality "1"]
[TimeControl "900+5"]

1. d4 d5 2. c4 e6 3. Nf3 Nf6 4. e3 c5 5. Nc3 cxd4 6. exd4 Bb4 7. Bd3 dxc4 8. Bxc4 O-O 9. O-O b6 10. Bg5 Bb7 11. Ne5 Bxc3 12. bxc3 Nbd7 13. Qe2 Qc7 14. Nxd7 $1 Qxd7 (14... Nxd7 $11 15. Rac1 h6) 15. Bxf6 $16 gxf6 16. Qg4+ Kh8 {[%emt 0:00:01] White is slightly better.} 17. Qh4 f5 (17... Qd8 $14) 18. Qf6+ Kg8 {[%emt 0:00:01] [#]} 19. d5 {[%emt 0:00:24] White is more active.} Bxd5 (19... exd5 $11 20. Qg5+ Kh8) 20. Qg5+ (20. Rad1 $16 {Strongly threatening Rd3.} Rac8 (20... Qd8 21. Qh6 $16) 21. Bxd5 exd5 22. Rd3) 20... Kh8 $11 21. Qf6+ (21. Bxd5 $11 exd5 22. Rad1) 21... Kg8 $14 22. Bxd5 (22. Rad1 $14 Qd8 23. Qe5 (23. Qh6 Kh8 $16)) 22... exd5 $11 (22... Qxd5 23. Rad1 Qc5 24. Rfe1 $18) 23. Qg5+ Kh8 24. Qf6+ {[%emt 0:00:01][%mdl 1024] White has compensation.} Kg8 25. Rad1 {[%emt 0:00:17][%cal Ba1d1,Bd1d3,Bd3f3,Bf3f4,Bf4f7,Bf7a7,Ba7e7,Be7e4][%mdl 32] And now Rd3 would win.} Qe6 26. Qd4 Rfe8 27. Rd3 {[%emt 0:00:31] Rg3+ is the strong threat.} (27. Qxd5 Rac8 $16) 27... Qe5 28. Qh4 Re6 29. Rf3 Rc8 30. Qh5 f4 (30... Rxc3 31. Rxf5 Qc7 32. g3) 31. Qg4+ Kh8 32. Rxf4 Rec6 (32... h5 $11 {remains equal.} 33. Qf5 Qxf5 34. Rxf5 Kg7) 33. Rxf7 $16 Rg8 (33... R6c7 $16 {might work better.} 34. g3 Rxf7 35. Qxc8+ Kg7 36. Qg4+ Kf8) 34. Qh4 Qe4 35. Qxe4 dxe4 36. Rxa7 Rxc3 {[%emt 0:00:01][%mdl 4096] Endgame. KRR-KRR} 37. Re7 Rc2 38. Rxe4 Rxa2 {[%emt 0:00:01] [#]} 39. Rb4 $1 {[%emt 0:00:02] Prevents Rb2} Rg6 40. Rfb1 Rf6 (40... Re6 {was worth a try.} 41. g3 (41. Rxb6 $2 Rxb6 42. Rd1 h6 $19) 41... Ree2) 41. f3 $18 (41. Rxb6 $2 Rxb6 (41... Raxf2 42. Rb8+ Kg7 43. h3 $14) 42. Rc1 Rbb2 $19) 41... Rg6 42. R4b2 (42. Rxb6 Rgxg2+ (42... Raxg2+ 43. Kh1 $11) 43. Kh1 Rxh2+ 44. Kg1 Rag2+ 45. Kf1 Ra2 $11) 42... Rxb2 (42... Ra6 {is a better defense.} 43. h3 Kg7) 43. Rxb2 {[%emt 0:00:01] KR-KR} Kg7 44. Kf2 Rc6 45. f4 Kf6 (45... h5 {keeps fighting.} 46. Kg3 Rf6) 46. g4 Ke6 47. Ke3 Kd5 48. f5 Ke5 (48... Rc4 $142 49. Kf3 (49. Rxb6 Rxg4 50. Re6 Rh4 $11) 49... Ke5) 49. Rb5+ Kf6 50. Kf4 Rc4+ 51. Kg3 Kg5 52. h4+ ({Worse is} 52. Rxb6 Rxg4+ 53. Kf3 Rc4 $11 (53... Kxf5 54. Rb5+ Kf6 55. Kxg4 h6 56. Rb6+ Ke5 57. Rxh6 Ke4 58. Rg6)) 52... Kf6 53. Rxb6+ Kf7 54. g5 {[%emt 0:00:06][%cal Bg4g5,Bg5g6][%mdl 32] Threatens to win with h5.} Kg7 55. Rb3 h5 56. Rb7+ {[%emt 0:00:11] White mates.} Kg8 57. f6 Rg4+ 58. Kf3 Rxh4 59. g6 {[%emt 0:00:01] Weighted Error Value: White=0.17 (very precise) /Black=0.55.  Mistake:       	White=4     	Black=8      Inaccurate:     	White=1     	Black=2      OK:         	White=13    	Black=9      Best:        	White=6     	---} 1-0

[Event "Polish University-ch Teams 2024"]
[Site "Lublin"]
[Date "2024.02.25"]
[Round "7.9"]
[White "Golecki, Jan"]
[Black "Koziorowicz, Michal"]
[Result "1-0"]
[ECO "B53"]
[WhiteElo "2185"]
[BlackElo "2324"]
[Annotator "TA"]
[PlyCount "89"]
[EventDate "2024.02.22"]
[EventType "team-tourn"]
[EventCountry "POL"]
[SourceTitle "playchess.com"]
[Source "ChessBase"]
[SourceQuality "1"]
[TimeControl "900+5"]

1. e4 c5 2. Nf3 d6 3. d4 cxd4 4. Qxd4 a6 5. c4 Nc6 6. Qe3 g6 7. Be2 Bg7 8. O-O Nf6 {[%emt 0:00:03] The position is equal.} 9. Rd1 O-O (9... Ng4 {feels hotter.} 10. Qb3 Na5 11. Qa3 Qb6) 10. h3 Nd7 11. Nc3 Nc5 12. Rb1 a5 13. b3 Bd7 (13... Bxc3 $11 {deserves consideration.} 14. Qxc3 Nxe4) 14. Bb2 $14 a4 {[%emt 0:00:35] White stays focused until the end.} 15. Nd5 {[%emt 0:00:01] Hoping for b4.} axb3 16. axb3 e5 17. b4 {[%emt 0:00:35] White is more active.} Ne6 {[%emt 0:00:02] [#]} (17... Na4 $16 {was worth a try.}) 18. Nb6 $1 $18 Ncd4 19. Nxa8 Qxa8 20. Nxd4 exd4 21. Qa3 Qd8 22. Bg4 {[%emt 0:00:09] Bxe6 is the strong threat.} f5 $2 (22... Nf4 {was necessary.}) 23. exf5 gxf5 24. Bf3 Bc6 25. Bd5 Bxd5 26. cxd5 Nc7 27. Bxd4 Nb5 28. Qg3 Nxd4 29. Rxd4 Kh8 30. Rc4 Rg8 31. Qf3 Qg5 32. Rbc1 Bd4 33. Rc8 b5 34. Rxg8+ Kxg8 {[%emt 0:00:01][%cal Bh8g8,Bg8g7,Bg7h6][%mdl 4128] Endgame. KQR-KQB} 35. Rc8+ Kg7 {[%emt 0:00:08] [#]} 36. h4 $1 Qg6 (36... Qg4 37. Qxg4+) 37. Qe2 {[%emt 0:00:17] Rc7+ would now be deadly.} Be5 38. Rc7+ Kh6 39. h5 Qg5 40. Qe3 f4 41. Qe4 Bg7 42. Rf7 (42. Qe6+ $142 Kxh5 43. Rf7 (43. Qxd6 f3 $18) (43. Qh3+ Kg6 $18)) 42... Qxh5 43. Qe6+ {[%emt 0:00:24] White mates.} Qg6 44. Rxf4 Qxe6 45. dxe6 {[%emt 0:00:02] Weighted Error Value: White=0.26 (precise) /Black=0.38.  Mistake:       	---       	Black=3      Inaccurate:     	---       	Black=6      OK:         	White=16    	Black=9      Best:        	White=1     	---        Strong:       	White=1     	---} 1-0

[Event "Polish University-ch Teams 2024"]
[Site "Lublin"]
[Date "2024.02.25"]
[Round "7.10"]
[White "Karpus, Michal"]
[Black "Leskiewicz, Ignacy"]
[Result "0-1"]
[ECO "C41"]
[WhiteElo "2243"]
[BlackElo "2180"]
[Annotator "TA"]
[PlyCount "44"]
[EventDate "2024.02.22"]
[EventType "team-tourn"]
[EventCountry "POL"]
[SourceTitle "playchess.com"]
[Source "ChessBase"]
[SourceQuality "1"]
[TimeControl "900+5"]

1. e4 d6 2. d4 Nf6 3. Nc3 e5 4. Nf3 Nbd7 5. Rg1 exd4 6. Qxd4 c6 7. Bf4 Nc5 8. Bg3 (8. O-O-O $14 {was preferrable.}) 8... Be6 ({Black should play} 8... Be7 $11) 9. O-O-O $14 Qa5 10. a3 ({Don't play} 10. Bxd6 $6 Bxd6 11. Qxd6 Nfxe4 12. Nxe4 Nxe4 $11) 10... O-O-O 11. Ng5 (11. Be2 $16) 11... Be7 $11 12. Nxe6 Nxe6 13. Qc4 Nh5 14. Rd5 Bg5+ 15. Kb1 Qc7 16. Rd1 Nxg3 17. hxg3 Qb6 18. Qe2 (18. Be2 $15) 18... Bf6 $17 19. Rd3 (19. Qd2 $17) 19... Nc5 ({Black should try} 19... Rhe8 $19 20. Re3 Nc5 21. Qg4+ Rd7) 20. Rf3 Rhe8 {[%emt 0:00:07] Black is more active.} 21. Rh1 $2 {[%emt 0:00:05] [#]} (21. Rxf6 $17 {is the only way for White.} gxf6 22. Qg4+ Kb8 23. Qf4) 21... Rxe4 22. Qd1 {[%emt 0:00:05] [#]} (22. Qd2 $17 {was worth a try.}) 22... Rde8 $1 {[%emt 0:00:56] Weighted Error Value: White=0.46/Black=0.33.  Loses game:     	White=1     	---        Missed win:     	---       	Black=1      Mistake:       	White=5     	Black=2      Inaccurate:     	White=3     	Black=2      OK:         	White=4     	Black=5      Best:        	White=1     	Black=2} 0-1

[Event "Polish University-ch Teams 2024"]
[Site "Lublin"]
[Date "2024.02.25"]
[Round "7.11"]
[White "Parol, Pola"]
[Black "Syrkiewicz, Michal"]
[Result "1/2-1/2"]
[ECO "B41"]
[WhiteElo "2030"]
[BlackElo "2074"]
[Annotator "NA"]
[PlyCount "118"]
[EventDate "2024.02.22"]
[EventType "team-tourn"]
[EventCountry "POL"]
[SourceTitle "playchess.com"]
[Source "ChessBase"]
[SourceQuality "1"]
[TimeControl "900+5"]

1. e4 c5 2. Nf3 e6 3. d4 cxd4 4. Nxd4 a6 5. c4 Nf6 6. Nc3 Bb4 7. Qd3 O-O 8. Be2 d6 9. O-O Nbd7 10. f3 Qc7 11. a3 Ne5 12. Qd2 Bc5 13. Kh1 Rd8 14. f4 Ba7 15. fxe5 dxe5 16. Nxe6 Bxe6 17. Nd5 Bxd5 18. exd5 Ne4 19. Qe1 Qb6 20. h3 Qg6 21. Rf3 Nd6 22. Rg3 Qe4 23. Qf1 Qf5 24. Rf3 Qg6 25. Bd2 Rac8 26. Rc1 Bd4 27. b4 f5 28. Be1 e4 29. Rg3 Qh6 30. Rd1 Be5 31. Rb3 f4 32. Bd2 Nf5 33. Kg1 Bd4+ 34. Kh2 e3 35. Be1 Be5 36. Kg1 Nd4 37. Rbb1 Rd6 38. Bg4 Rf8 39. c5 Rg6 40. Rxd4 Bxd4 41. Qc4 Be5 42. d6+ Kh8 43. Bc3 Bxc3 44. Qxc3 Qh4 45. Rf1 Rxg4 46. hxg4 Qxg4 47. Rf3 Re8 48. Qe1 h5 49. Rh3 e2 50. Rf3 Qf5 51. Rf2 Qd3 52. d7 Qxd7 53. Rxe2 Qd4+ 54. Kf1 Re3 55. Rxe3 fxe3 56. g3 Qd3+ 57. Kg1 Qxa3 58. Qd1 Qc3 59. Qxh5+ Kg8 1/2-1/2